TOP OF THE 1ST |
Chula Vista Tacos batting - Pitching for Surrey Sinners : LHP Scott Davis
|
Pitching: LHP Scott Davis
|
|
Batting: RHB Matt O'Rourke
|
0-0: Ball 1-0: Ball 2-0: Foul Ball, location: 2F 2-1: Foul Ball, location: 2F 2-2: Ball 3-2: Ground out 6-3 (Groundball, 56)
|
Batting: RHB Gerald Davis
|
0-0: Ball 1-0: Called Strike 1-1: Ball 2-1: Swinging Strike 2-2: Ball 3-2: Foul Ball, location: 2F 3-2: Base on Balls
|
Batting: LHB Arthur MacDonald
|
0-0: Ball 1-0: Foul Ball, location: 2F 1-1: Fly out, F7 (Flyball, 7S)
|
Batting: RHB Jake Reeves
|
0-0: Called Strike 0-1: DOUBLE (Line Drive, 5D) Gerald Davis to third Runner from 3rd tries for Home, SAFE, no throw
|
Batting: LHB Ethan Shaw
|
0-0: Called Strike 0-1: Ball 1-1: Ball 2-1: Called Strike 2-2: Ball 3-2: TRIPLE (Line Drive, 9D) Jake Reeves scores
|
Batting: LHB Dave Reynolds
|
0-0: Called Strike 0-1: Called Strike 0-2: Strikes out looking
|
Top of the 1st over - 2 run(s), 2 hit(s), 0 error(s), 1 left on base; Chula Vista 2 - Surrey 0 |
BOTTOM OF THE 1ST |
Surrey Sinners batting - Pitching for Chula Vista Tacos : RHP Chris Jacobs
|
Pitching: RHP Chris Jacobs
|
|
Batting: LHB Juan Hinojosa
|
0-0: Ball 1-0: Swinging Strike 1-1: Called Strike 1-2: Ball 2-2: Ball 3-2: Ground out 3-1 (Groundball, 3D)
|
Batting: LHB Jorge Martínez
|
0-0: Ball 1-0: Called Strike 1-1: Ball 2-1: Called Strike 2-2: Fly out, F8 (Flyball, 8LD)
|
Batting: RHB Dennis House
|
0-0: Fly out, F9 (Flyball, 89D)
|
Bottom of the 1st over - 0 run(s), 0 hit(s), 0 error(s), 0 left on base; Chula Vista 2 - Surrey 0 |
TOP OF THE 2ND |
Chula Vista Tacos batting - Pitching for Surrey Sinners : LHP Scott Davis
|
Batting: LHB Steven Smith
|
0-0: Called Strike 0-1: Ground out U3 (Groundball, 34)
|
Batting: RHB Jake Lawrence
|
0-0: SINGLE (Flyball, 8LS)
|
Batting: RHB Manuel Martínez
|
0-0: Ball 1-0: Called Strike 1-1: Ball 2-1: Called Strike 2-2: Foul Ball, location: 2F 2-2: Foul Ball, location: 2F 2-2: Foul Ball, location: 2F 2-2: Ball 3-2: Ground out 5-3 (Groundball, 56) Jake Lawrence to second
|
Batting: RHB Matt O'Rourke
|
0-0: Called Strike 0-1: SINGLE (Flyball, 78S) Jake Lawrence to third Runner from 3rd tries for Home, SAFE, no throw
|
Batting: RHB Gerald Davis
|
0-0: Ball 1-0: Called Strike 1-1: Fielders Choice at 2nd, 5-4 (Groundball, 56)
|
Top of the 2nd over - 1 run(s), 2 hit(s), 0 error(s), 0 left on base; Chula Vista 3 - Surrey 0 |
BOTTOM OF THE 2ND |
Surrey Sinners batting - Pitching for Chula Vista Tacos : RHP Chris Jacobs
|
Batting: RHB Félix Castro
|
0-0: Ball 1-0: Called Strike 1-1: Called Strike 1-2: Ball 2-2: Strikes out swinging
|
Batting: RHB Heath O'Keerwin
|
0-0: Called Strike 0-1: Ball 1-1: Ball 2-1: Ball 3-1: Fly out, F8 (Flyball, 8RS)
|
Batting: SHB Norberto Muńóz
|
0-0: Called Strike 0-1: Ball 1-1: Foul Ball, location: 2F 1-2: Ball 2-2: SINGLE (Groundball, 4S) (infield hit)
|
Batting: SHB António Ramos
|
0-0: Called Strike 0-1: Foul Ball, location: 2F 0-2: Ball 1-2: Strikes out looking
|
Bottom of the 2nd over - 0 run(s), 1 hit(s), 0 error(s), 1 left on base; Chula Vista 3 - Surrey 0 |
TOP OF THE 3RD |
Chula Vista Tacos batting - Pitching for Surrey Sinners : LHP Scott Davis
|
Batting: LHB Arthur MacDonald
|
0-0: Swinging Strike 0-1: Ball 1-1: Fly out, F9 (Flyball, 89M)
|
Batting: RHB Jake Reeves
|
0-0: Ball 1-0: Foul Ball, location: 2F 1-1: Foul Ball, location: 2F 1-2: SINGLE (Line Drive, 8RS)
|
Batting: LHB Ethan Shaw
|
0-0: Ball 1-0: Called Strike 1-1: Ball 2-1: Fly out, F4 (Line Drive, 34)
|
Batting: LHB Dave Reynolds
|
0-0: Fly out, F8 (Flyball, 8LD)
|
Top of the 3rd over - 0 run(s), 1 hit(s), 0 error(s), 1 left on base; Chula Vista 3 - Surrey 0 |
BOTTOM OF THE 3RD |
Surrey Sinners batting - Pitching for Chula Vista Tacos : RHP Chris Jacobs
|
Batting: SHB Juan Carlos Mesa
|
0-0: DOUBLE (Line Drive, 78M)
|
Batting: RHB Mauro Paredes
|
0-0: Ball 1-0: SINGLE (Groundball, 6MD) Juan Carlos Mesa to third Runner from 3rd tries for Home, SAFE, no throw
|
Batting: LHB Juan Hinojosa
|
0-0: Fly out, F7 (Flyball, 78D)
|
Batting: LHB Jorge Martínez
|
0-0: Hit by Pitch Mauro Paredes to second
|
Batting: RHB Dennis House
|
0-0: Ball 1-0: Called Strike 1-1: Foul Ball, location: 2F 1-2: Strikes out swinging
|
Batting: RHB Félix Castro
|
0-0: Called Strike 0-1: Fielders Choice at 2nd, 4-6 (Groundball, 4)
|
Bottom of the 3rd over - 1 run(s), 2 hit(s), 0 error(s), 1 left on base; Chula Vista 3 - Surrey 1 |
TOP OF THE 4TH |
Chula Vista Tacos batting - Pitching for Surrey Sinners : LHP Scott Davis
|
Batting: LHB Steven Smith
|
0-0: Fly out, F8 (Flyball, 8RM)
|
Batting: RHB Jake Lawrence
|
0-0: Called Strike 0-1: Foul Ball, location: 2F 0-2: Strikes out looking
|
Batting: RHB Manuel Martínez
|
0-0: Called Strike 0-1: Fly out, F4 (Popup, 4D)
|
Top of the 4th over - 0 run(s), 0 hit(s), 0 error(s), 0 left on base; Chula Vista 3 - Surrey 1 |
BOTTOM OF THE 4TH |
Surrey Sinners batting - Pitching for Chula Vista Tacos : RHP Chris Jacobs
|
Batting: RHB Heath O'Keerwin
|
0-0: Called Strike 0-1: Swinging Strike 0-2: Strikes out swinging
|
Batting: SHB Norberto Muńóz
|
0-0: Ground out 3-1 (Groundball, 34)
|
Batting: SHB António Ramos
|
0-0: Swinging Strike 0-1: Swinging Strike 0-2: Strikes out swinging
|
Bottom of the 4th over - 0 run(s), 0 hit(s), 0 error(s), 0 left on base; Chula Vista 3 - Surrey 1 |
TOP OF THE 5TH |
Chula Vista Tacos batting - Pitching for Surrey Sinners : LHP Scott Davis
|
Batting: RHB Matt O'Rourke
|
0-0: Ball 1-0: Called Strike 1-1: Foul Ball, location: 2F 1-2: Strikes out looking
|
Batting: RHB Gerald Davis
|
0-0: Fly out, F4 (Popup, 4D)
|
Batting: LHB Arthur MacDonald
|
0-0: SINGLE (Line Drive, 9LM)
|
Batting: RHB Jake Reeves
|
0-0: Ball 1-0: Ball 2-0: Called Strike 2-1: Ball 3-1: Foul Ball, location: 2F 3-2: Strikes out swinging
|
Top of the 5th over - 0 run(s), 1 hit(s), 0 error(s), 1 left on base; Chula Vista 3 - Surrey 1 |
BOTTOM OF THE 5TH |
Surrey Sinners batting - Pitching for Chula Vista Tacos : RHP Chris Jacobs
|
Batting: SHB Juan Carlos Mesa
|
0-0: Ground out 6-3 (Groundball, 6MD)
|
Batting: RHB Mauro Paredes
|
0-0: Fly out, F9 (Flyball, 9S)
|
Batting: LHB Juan Hinojosa
|
0-0: Ball 1-0: Ball 2-0: Ground out 5-3 (Groundball, 56S)
|
Bottom of the 5th over - 0 run(s), 0 hit(s), 0 error(s), 0 left on base; Chula Vista 3 - Surrey 1 |
TOP OF THE 6TH |
Chula Vista Tacos batting - Pitching for Surrey Sinners : LHP Scott Davis
|
Batting: LHB Ethan Shaw
|
0-0: Ball 1-0: Ball 2-0: Fly out, F8 (Flyball, 89D)
|
Batting: LHB Dave Reynolds
|
0-0: Called Strike 0-1: Fly out, F7 (Flyball, 7LSF)
|
Batting: LHB Steven Smith
|
0-0: Called Strike 0-1: Swinging Strike 0-2: Ball 1-2: Strikes out looking
|
Top of the 6th over - 0 run(s), 0 hit(s), 0 error(s), 0 left on base; Chula Vista 3 - Surrey 1 |
BOTTOM OF THE 6TH |
Surrey Sinners batting - Pitching for Chula Vista Tacos : RHP Chris Jacobs
|
Batting: LHB Jorge Martínez
|
0-0: Foul Ball, location: 2F 0-1: Foul Ball, location: 2F 0-2: Ball 1-2: SINGLE (Groundball, 4MD)
|
Batting: RHB Dennis House
|
0-0: Ball 1-0: Called Strike 1-1: Swinging Strike 1-2: Ball 2-2: Ball 3-2: Foul Ball, location: 2F 3-2: Foul Ball, location: 2F 3-2: Base on Balls Jorge Martínez to second
|
Batting: RHB Félix Castro
|
0-0: Hit by Pitch Jorge Martínez to third Dennis House to second
|
Batting: RHB Heath O'Keerwin
|
0-0: Ball 1-0: Called Strike 1-1: Called Strike 1-2: Strikes out swinging
|
Batting: SHB Norberto Muńóz
|
0-0: Ball 1-0: Foul Ball, location: 2F 1-1: Hit by Pitch Jorge Martínez scores Dennis House to third Félix Castro to second
|
Batting: SHB António Ramos
|
0-0: SINGLE (Groundball, 4MD) Dennis House scores Félix Castro to third Norberto Muńóz to second Runner from 3rd tries for Home, SAFE, throw made home Norberto Muńóz to third António Ramos to second
|
Pitching: LHP Alejandro Flores
|
|
Batting: SHB Juan Carlos Mesa
|
0-0: Called Strike 0-1: Fly out, F9 (Flyball, 9LMF) Runner from 3rd tags up, SCORES, throw made
|
Batting: RHB Mauro Paredes
|
0-0: Ball 1-0: Ball 2-0: Ball 3-0: Base on Balls
|
Batting: LHB Juan Hinojosa
|
0-0: Ball 1-0: Swinging Strike 1-1: Foul Ball, location: 2F 1-2: Foul Ball, location: 2F 1-2: Ball 2-2: Ball 3-2: Foul Ball, location: 2F 3-2: Foul Ball, location: 2F 3-2: Foul Ball, location: 2F 3-2: Fly out, F9 (Line Drive, 89M)
|
Bottom of the 6th over - 4 run(s), 2 hit(s), 0 error(s), 2 left on base; Chula Vista 3 - Surrey 5 |
TOP OF THE 7TH |
Chula Vista Tacos batting - Pitching for Surrey Sinners : LHP Scott Davis
|
Batting: RHB Jake Lawrence
|
0-0: Called Strike 0-1: SINGLE (Groundball, 56D)
|
Pitching: LHP Werner Corona
|
|
Batting: RHB Manuel Martínez
|
0-0: Ball Wild Pitch! Jake Lawrence to second 1-0: Ball 2-0: Ball 3-0: Called Strike 3-1: Foul Ball, location: 2F 3-2: Foul Ball, location: 2F 3-2: SINGLE (Groundball, 34S) (infield hit) Jake Lawrence to third
|
Batting: RHB Matt O'Rourke
|
0-0: Called Strike 0-1: Foul Ball, location: 2F 0-2: Foul Ball, location: 2F 0-2: Ball 1-2: SINGLE (Groundball, 6D) (infield hit) Jake Lawrence scores Manuel Martínez to second
|
Batting: RHB Gerald Davis
|
0-0: Called Strike 0-1: Ball 1-1: Bunted foul 1-2: Ball 2-2: Ball 3-2: Base on Balls Manuel Martínez to third Matt O'Rourke to second
|
Pinch Hitting: RHB Ron Garrett
|
0-0: Swinging Strike 0-1: Ball 1-1: Called Strike 1-2: Grounds into fielders choice 1-2 (Groundball, 15S) Matt O'Rourke to third Gerald Davis to second
|
Batting: RHB Jake Reeves
|
0-0: Called Strike 0-1: Ball 1-1: Ball 2-1: Ball 3-1: Base on Balls Matt O'Rourke scores Gerald Davis to third Ron Garrett to second
|
Batting: LHB Ethan Shaw
|
0-0: Swinging Strike 0-1: DOUBLE (Flyball, 8RXD) Gerald Davis scores Ron Garrett scores Jake Reeves to third
|
Batting: LHB Dave Reynolds
|
0-0: Intentional Walk
|
Pitching: LHP Dalton Hayes
|
|
Batting: LHB Steven Smith
|
0-0: Ball 1-0: Ball 2-0: Ball 3-0: Base on Balls Jake Reeves scores Ethan Shaw to third Dave Reynolds to second
|
Batting: RHB Jake Lawrence
|
0-0: Ball 1-0: Ball 2-0: Called Strike 2-1: Ball 3-1: Base on Balls Ethan Shaw scores Dave Reynolds to third Steven Smith to second
|
Batting: RHB Manuel Martínez
|
0-0: Ball 1-0: Ball 2-0: Ball 3-0: Base on Balls Dave Reynolds scores Steven Smith to third Jake Lawrence to second
|
Batting: RHB Matt O'Rourke
|
0-0: Called Strike 0-1: Ball 1-1: Ball 2-1: Ball 3-1: DOUBLE (Line Drive, 78M) Steven Smith scores Jake Lawrence scores Manuel Martínez to third
|
Batting: RHB Gerald Davis
|
0-0: Called Strike 0-1: Foul Ball, location: 2F 0-2: Ball 1-2: SINGLE (Line Drive, 78S) Manuel Martínez scores Matt O'Rourke to third
|
Pitching: RHP Doug Spencer
|
|
Batting: RHB Ron Garrett
|
0-0: Foul Ball, location: 2F 0-1: Ball 1-1: Ball 2-1: Ball 3-1: Base on Balls Gerald Davis to second
|
Batting: RHB Jake Reeves
|
0-0: Called Strike 0-1: Ball 1-1: Swinging Strike 1-2: Ball 2-2: Foul Ball, location: 2F 2-2: Ball 3-2: Foul Ball, location: 2F 3-2: Base on Balls Matt O'Rourke scores Gerald Davis to third Ron Garrett to second
|
Batting: LHB Ethan Shaw
|
0-0: SINGLE (Line Drive, 4D) Gerald Davis scores Ron Garrett to third Jake Reeves to second
|
Batting: LHB Dave Reynolds
|
0-0: Foul Ball, location: 2F 0-1: DOUBLE (Line Drive, 89D) Ron Garrett scores Jake Reeves scores Ethan Shaw to third Runner from 3rd tries for Home, SAFE, throw made home
|
Pitching: RHP Pedro Luque
|
|
Batting: LHB Steven Smith
|
0-0: Ball Dave Reynolds is caught stealing 3rd base 1-0: Called Strike 1-1: Swinging Strike 1-2: Foul Ball, location: 2F 1-2: Fly out, F8 (Flyball, 8LXD)
|
Top of the 7th over - 15 run(s), 8 hit(s), 0 error(s), 0 left on base; Chula Vista 18 - Surrey 5 |
BOTTOM OF THE 7TH |
Surrey Sinners batting - Pitching for Chula Vista Tacos : LHP Alejandro Flores
|
Now in RF: Guillermo Deleón
|
|
Batting: LHB Jorge Martínez
|
0-0: Foul Ball, location: 2F 0-1: SINGLE (Groundball, 13S) (infield hit)
|
Batting: RHB Dennis House
|
0-0: Ball 1-0: Swinging Strike 1-1: Ball 2-1: Ball 3-1: Foul Ball, location: 2F 3-2: Ground out 5-3 (Groundball, 56S) Jorge Martínez to second
|
Batting: RHB Félix Castro
|
0-0: Ball Jorge Martínez steals 3rd base 1-0: Ground out 5-3 (Groundball, 56S) Jorge Martínez scores
|
Batting: RHB Heath O'Keerwin
|
0-0: Called Strike 0-1: Ball 1-1: Foul Ball, location: 2F 1-2: Ball 2-2: Ground out 6-3 (Groundball, 6D)
|
Bottom of the 7th over - 1 run(s), 1 hit(s), 0 error(s), 0 left on base; Chula Vista 18 - Surrey 6 |
TOP OF THE 8TH |
Chula Vista Tacos batting - Pitching for Surrey Sinners : RHP Pedro Luque
|
Batting: RHB Jake Lawrence
|
0-0: Ball 1-0: Fly out, F7 (Flyball, 78S)
|
Batting: RHB Manuel Martínez
|
0-0: Ball 1-0: Ball 2-0: Ball 3-0: Called Strike 3-1: Foul Ball, location: 2F 3-2: Base on Balls
|
Batting: RHB Matt O'Rourke
|
0-0: Ball 1-0: Ball 2-0: Ball 3-0: Base on Balls Manuel Martínez to second
|
Batting: RHB Gerald Davis
|
0-0: Ball 1-0: Ball 2-0: Foul Ball, location: 2F 2-1: Called Strike 2-2: Strikes out swinging
|
Batting: RHB Guillermo Deleón
|
0-0: Ball 1-0: Swinging Strike 1-1: Fielders Choice at 2nd, 5-4 (Groundball, 56)
|
Top of the 8th over - 0 run(s), 0 hit(s), 0 error(s), 1 left on base; Chula Vista 18 - Surrey 6 |
BOTTOM OF THE 8TH |
Surrey Sinners batting - Pitching for Chula Vista Tacos : LHP Alejandro Flores
|
Batting: SHB Norberto Muńóz
|
0-0: Called Strike 0-1: Ball 1-1: Swinging Strike 1-2: Ball 2-2: Strikes out swinging
|
Batting: SHB António Ramos
|
0-0: Ball 1-0: Ball 2-0: Ball 3-0: Called Strike 3-1: Foul Ball, location: 2F 3-2: Foul Ball, location: 2F 3-2: Fly out, F7 (Flyball, 78S)
|
Batting: SHB Juan Carlos Mesa
|
0-0: Ground out 6-3 (Groundball, 56)
|
Bottom of the 8th over - 0 run(s), 0 hit(s), 0 error(s), 0 left on base; Chula Vista 18 - Surrey 6 |
TOP OF THE 9TH |
Chula Vista Tacos batting - Pitching for Surrey Sinners : RHP Pedro Luque
|
Pinch Hitting: RHB Juan Morales
|
0-0: Ball 1-0: Swinging Strike 1-1: Ball 2-1: Ball 3-1: Foul Ball, location: 2F 3-2: Foul Ball, location: 2F 3-2: Foul Ball, location: 2F 3-2: Base on Balls
|
Batting: LHB Ethan Shaw
|
0-0: Hit by Pitch Juan Morales to second
|
Batting: LHB Dave Reynolds
|
0-0: Called Strike 0-1: Called Strike Juan Morales steals 3rd base Ethan Shaw to second 0-2: Ball 1-2: Ball 2-2: Strikes out swinging
|
Batting: LHB Steven Smith
|
0-0: Called Strike 0-1: Ball 1-1: Called Strike 1-2: Foul Ball, location: 2F 1-2: Fly out, F8 (Flyball, 8RS)
|
Batting: RHB Jake Lawrence
|
0-0: Called Strike 0-1: Ball 1-1: Ball 2-1: Foul Ball, location: 2F 2-2: Ground out 6-3 (Groundball, 6S)
|
Top of the 9th over - 0 run(s), 0 hit(s), 0 error(s), 2 left on base; Chula Vista 18 - Surrey 6 |
BOTTOM OF THE 9TH |
Surrey Sinners batting - Pitching for Chula Vista Tacos : LHP Alejandro Flores
|
Now at 3B: Júlio García
|
|
Batting: RHB Mauro Paredes
|
0-0: Ground out 4-3 (Groundball, 4)
|
Pitching: LHP Doug Ledoux
|
|
Batting: LHB Juan Hinojosa
|
0-0: Ball 1-0: Foul Ball, location: 2F 1-1: Ball 2-1: DOUBLE (Line Drive, 78XD)
|
Batting: LHB Jorge Martínez
|
0-0: Called Strike 0-1: Foul Ball, location: 2F 0-2: Ball 1-2: Ball 2-2: Foul Ball, location: 2F 2-2: Ball 3-2: Foul Ball, location: 2F 3-2: Foul Ball, location: 2F 3-2: Strikes out swinging
|
Batting: RHB Dennis House
|
0-0: Ball 1-0: Foul Ball, location: 2F 1-1: Fly out, F9 (Line Drive, 9)
|
Bottom of the 9th over - 0 run(s), 1 hit(s), 0 error(s), 1 left on base; Chula Vista 18 - Surrey 6 |
|